 Dungeon Crawl Stone Soup version 0.29-a0-371-g91724d5b39 (webtiles) character file.

Game seed: 12824310126347717086

19295 domi the Devastator (level 12, -3/87 HPs)
             Began as a Demonspawn Hedge Wizard on May 2, 2022.
             Was an Initiate of Gozag.
             Slain by an ice beast (12 damage)
             ... summoned by Fannar
             ... on level 2 of the Lair of Beasts.
             The game lasted 00:48:27 (20024 turns).

domi the Devastator (Demonspawn Hedge Wizard)      Turns: 20024, Time: 00:48:28

Health: -3/87      AC: 12    Str: 10    XL:     12   Next: 35%
Magic:  17/19      EV: 12    Int: 26    God:    Gozag
Gold:   681        SH:  0    Dex: 14    Spells: 2/21 levels left

rFire   . . .      SeeInvis .   u - +0 dagger (venom)
rCold   . . .      Faith    .   (no shield)
rNeg    . . .      Spirit   .   E - +1 robe {Archmagi}
rPois   .          Reflect  .   c - +0 hat
rElec   .          Harm     .   B - +0 cloak {Will+}
rCorr   .          Rampage  .   m - +0 pair of gloves
Will    +....      Archmagi +   n - +0 pair of boots
Stlth   ++........              (no amulet)
HPRegen 0.24/turn               D - +6 ring of intelligence
MPRegen 0.16/turn               (no ring)

@: sanguine armoured
A: claws 1, powered by death 1, powered by pain 2, sanguine armour 1
a: Renounce Religion, Potion Petition, Call Merchant, Bribe Branch


You were on level 2 of the Lair of Beasts.
You worshipped Gozag.
Gozag was pleased with you.
You visited 2 branches of the dungeon, and saw 13 of its levels.

You collected 2530 gold pieces.
You spent 195 gold pieces at shops.
You paid 1654 gold pieces to Gozag.

Inventory:

Hand Weapons
 a - a +0 dagger
 u - a +0 dagger of venom (weapon)
   (You took it off an orc wizard on level 8 of the Dungeon)
 I - the +11 falchion of Conscience {freeze, rF+ rC+++ Stlth-}
   (You found it on level 9 of the Dungeon)

   It freezes those it strikes, dealing additional cold damage.
   It can also slow down cold-blooded creatures.
   rF:        It protects you from fire.
   rC:        It renders you almost immune to cold.
   Stlth:     It makes you less stealthy.
Armour
 c - a +0 hat (worn)
 m - a +0 pair of gloves (worn)
   (You found it on level 2 of the Dungeon)
 n - a +0 pair of boots (worn)
   (You found it on level 3 of the Dungeon)
 B - a +0 cloak of willpower (worn)
   (You found it on level 6 of the Dungeon)
 E - a +1 robe of the Archmagi (worn)
   (You took it off an orc wizard on level 6 of the Dungeon)
 F - the +0 leather armour of Qocoilori {rN++}
   (You found it on level 7 of the Dungeon)

   rN:        It greatly protects you from negative energy.
 H - a +0 robe of willpower
   (You took it off a wight on level 7 of the Dungeon)
Magical Staves
 p - a staff of cold {rC+}
   (You found it on level 3 of the Dungeon)
Jewellery
 D - a +6 ring of intelligence (left hand)
   (You found it on level 6 of the Dungeon)
Wands
 x - a wand of iceblast (30)
   (You found it on level 6 of the Dungeon)
 z - a wand of mindburst (1)
   (You found it on level 10 of the Dungeon)
Scrolls
 e - 4 scrolls of immolation {unknown}
 g - 3 scrolls of amnesia {unknown}
 h - 13 scrolls of identify {unknown}
 j - 4 scrolls of noise {unknown}
 k - 3 scrolls of fog {unknown}
 l - 3 scrolls of enchant weapon {unknown}
 o - 6 scrolls of teleportation {unknown}
 q - 4 scrolls of vulnerability {unknown}
 s - 2 scrolls of holy word {unknown}
 t - a scroll of enchant armour {unknown}
 v - 2 scrolls of blinking {unknown}
 y - 4 scrolls of magic mapping {unknown}
 C - 2 scrolls of fear {unknown}
 K - a scroll of summoning {unknown}
Potions
 b - a potion of cancellation {unknown}
 d - 2 potions of haste {@q3}
 f - 3 potions of lignification {unknown}
 i - 2 potions of mutation {!q!q}
 r - 3 potions of flight {unknown}
 A - a potion of brilliance {unknown}
 L - a potion of might
Miscellaneous
 J - a condenser vane (inert)
   (You found it on level 10 of the Dungeon)


   Skills:
 + Level 5.8 Fighting
 - Level 1.7 Dodging
 - Level 1.7 Stealth
 - Level 5.0 Spellcasting
 - Level 15.0 Conjurations
 - Level 5.0 Hexes
 - Level 5.0 Summonings
 - Level 0.8 Translocations
 - Level 5.0 Air Magic
 - Level 5.0 Poison Magic
 + Level 5.8 Evocations


You had 2 spell levels left.
You knew the following spells:

 Your Spells              Type           Power      Damage    Failure   Level
b - Blink                 Tloc           32%        N/A       9%          2
c - Mephitic Cloud        Conj/Pois/Air  65%        N/A       1%          3
x - Call Imp              Summ           48%        N/A       1%          2
y - Searing Ray           Conj           100%       2d8       1%          2
z - Magic Dart            Conj           100%       1d8       0%          1
X - Iskenderun's Battles  Conj           91%        2d14      1%          5
Z - Fulminant Prism       Conj/Hex       36%        3d18      1%          4

Your spell library contained the following spells:

 Spells                   Type           Power      Damage    Failure   Level
 Slow                     Hex            100%       N/A       1%          1
 Summon Small Mammal      Summ           100%       N/A       1%          1
 Poisonous Vapours        Pois/Air       96%        N/A       1%          2
 Corpse Rot               Necr/Air       58%        N/A       4%          2
 Sublimation of Blood     Necr           9%         N/A       12%         2
 Wereblood                Tmut           9%         N/A       12%         2
 Conjure Flame            Conj/Fire      62%        6-21      1%          3
 Call Canine Familiar     Summ           48%        N/A       3%          3
 Summon Guardian Golem    Hex/Summ       48%        N/A       3%          3
 Summon Mana Viper        Hex/Summ       48%        N/A       26%         5
 Iron Shot                Conj/Erth      31%        9d6       47%         6
 Summon Forest            Summ/Tloc      16%        N/A       54%         5
 Spellforged Servitor     Conj/Summ      36%        N/A       71%         7
 Summon Cactus Giant      Summ           24%        N/A       83%         6
 Summon Hydra             Summ           24%        N/A       100%        7


Dungeon Overview and Level Annotations

Branches:
Dungeon (11/15)            Temple (0/1) D:7            Lair (2/6) D:9
 Shoals (0/4) Lair:2
  Snake: Lair:2-4    Spider: Lair:2-4       Orc: D:9-12

Altars:
Dithmenos
Elyvilon
Gozag
Nemelex Xobeh
Okawaru
Ru
Vehumet
Yredelemnul

Shops:
D:6 !   Lair:1 *:

Annotations:
Lair:2 Fannar


Innate Abilities, Weirdness & Mutations

You have sharp fingernails.
You regenerate a little health from kills.
You sometimes gain power by taking damage.
When seriously injured, your blood forms armour. (AC +6)


Message History

You take 2 damage, and have 68/87 hp.
You now have 12/19 mp.
Aim: a yak (severely wounded, ally target, 100% to hit)
You feel a surge of power!
The magic dart hits the yak.
Your battlesphere fires!
The barrage of energy hits the yak!
You kill the yak!
You now have 11/19 mp.
You can't see any susceptible monsters within range! (Use Z to cast anyway.)
You can't see any susceptible monsters within range! (Use Z to cast anyway.) Fannar the Cold-Hearted comes into view.
They are wielding a +0 quarterstaff of freezing and wearing a +1 robe of cold resistance.
You regained 11 hp, and now have 79/87 hp.
You regained 7 mp, and now have 18/19 mp.
Aim: Fannar, wielding a +0 quarterstaff of freezing, wearing a +1 robe of cold resistance and wearing a ring of ice (wandering, hasn't noticed you, 100% to hit)
You feel a surge of power!
The magic dart hits Fannar but does no damage.
Fannar shouts!
You now have 17/19 mp.
Aim: Fannar, wielding a +0 quarterstaff of freezing, wearing a +1 robe of cold resistance and wearing a ring of ice (100% to hit)
You feel a surge of power!
The magic dart hits Fannar but does no damage.
Your battlesphere fires!
The barrage of energy hits Fannar!
Aim: Fannar, wielding a +0 quarterstaff of freezing, wearing a +1 robe of cold resistance and wearing a ring of ice (lightly wounded, ally target, 100% to hit)
You feel a surge of power!
The magic dart hits Fannar but does no damage.
Your battlesphere wavers and loses cohesion.
Fannar casts a spell.
You now have 16/19 mp.
You feel a surge of power!
You conjure a globe of magical energy.
You now have 11/19 mp.
Aim: Fannar, wielding a +0 quarterstaff of freezing, wearing a +1 robe of cold resistance and wearing a ring of ice (lightly wounded, 100% to hit)
You feel a surge of power!
The magic dart hits the ice beast but does no damage.
Your battlesphere fires!
The barrage of energy hits the ice beast.
Fannar gestures wildly while chanting.
Fannar drains the heat from the surrounding environment!
Your battlesphere is frozen.
Your battlesphere resists.
You take 19 damage, and have 61/87 hp.
MASSIVE DAMAGE!!
You now have 10/19 mp.
Aim: Fannar, wielding a +0 quarterstaff of freezing, wearing a +1 robe of cold resistance and wearing a ring of ice (lightly wounded, 100% to hit)
Okay, then.
Aim: Fannar, wielding a +0 quarterstaff of freezing, wearing a +1 robe of cold resistance and wearing a ring of ice (lightly wounded, 72% to hit)
You feel a surge of power!
The searing ray hits the ice beast.
The searing ray hits Fannar. (Press . to maintain the ray.)
Your battlesphere fires!
The barrage of energy hits Fannar!
Fannar casts a spell.
Fannar drains the heat from the surrounding environment!
You focus on the pain.
You feel your power returning.
Your blood congeals into armour.
Your battlesphere is frozen.
Your battlesphere resists.
The ice beast closely misses you.
You take 13 damage, and have 48/87 hp.
MP restored: 19 The searing ray hits the ice beast.
The searing ray hits Fannar!
Your battlesphere fires!
The barrage of energy hits the ice beast!
You kill the ice beast!
The ice beast disappears in a puff of smoke!
You now have 18/19 mp.
The searing ray hits Fannar!
Your battlesphere fires!
The barrage of energy hits Fannar.
The searing ray hits Fannar.
You finish channelling your searing ray.
Your battlesphere fires!
The barrage of energy hits Fannar.
Your battlesphere expends the last of its energy and dissipates.
You now have 17/19 mp.
Aim: Fannar, wielding a +0 quarterstaff of freezing, wearing a +1 robe of cold resistance and wearing a ring of ice (severely wounded, 72% to hit)
You feel a surge of power!
The searing ray hits Fannar. (Press . to maintain the ray.) Fannar casts a spell.
You now have 15/19 mp.
You feel a surge of power!
You conjure a globe of magical energy.
Fannar hits you with a +0 quarterstaff of freezing.
Fannar freezes you.
You take 3 damage, and have 46/87 hp.
You now have 10/19 mp.
Aim: Fannar, wielding a +0 quarterstaff of freezing, wearing a +1 robe of cold resistance and wearing a ring of ice (almost dead, 72% to hit)
You feel a surge of power!
The searing ray misses Fannar. (Press . to maintain the ray.)
Your battlesphere fires!
The barrage of energy hits the ice beast!!
Fannar hits you with a +0 quarterstaff of freezing!
Fannar freezes you.
The ice beast hits you but does no damage.
You take 9 damage, and have 37/87 hp.
You now have 8/19 mp.
The searing ray hits Fannar.
Fannar points at you and mumbles some strange words.
The bolt of cold hits you!!
* * * LOW HITPOINT WARNING * * *
You focus on the pain.
You feel your power returning. The ice beast hits you.
* * * LOW HITPOINT WARNING * * *
The ice beast freezes you!
You die...
Your body crumbles into a pile of gold.

....# ###
.....##########..
#................
.......#.##......
#....##...##P..#. ..##
###....#.#.####..♣♣
.....#............YY..♣
......e@$.........Y...♣#
.......Y.....(........≈♣
....#.#..*.$$...$.....≈≈
... ####........####..≈≈
. ##........ ##..♣♣
#......>. #...♣
......$.###...♣♣
.....$...#.#...♣
.....$.........♣


You could see Fannar (ally target), an ice beast (summoned) and a friendly
battlesphere.

Vanquished Creatures
  Gastronok (Lair:1)
  A hydra (Lair:2)
  Pikel (D:8)
  5 elephants (Lair:2)
  A black mamba (Lair:2)
  3 cane toads
  Maggie (D:7)
  Psyche (D:7)
  A rime drake (Lair:1)
  5 komodo dragons
  3 kobold demonologists (D:10)
  A polar bear (Lair:2)
  2 trolls
  A hornet (D:10)
  5 blink frogs (Lair:2)
  Prince Ribbit (D:4)
  A wyvern (D:10)
  15 yaks
  Menkaure (D:6)
  An acid dragon (D:8)
  8 water moccasins
  2 sky beasts
  4 orc warriors
  3 ice beasts
  A black bear (Lair:1)
  2 ogres
  8 wolves (Lair:1)
  2 centaurs
  2 phantoms
  4 lemures
  3 kobold brigands (D:10)
  10 bullfrogs
  3 necrophages
  A scorpion (D:4)
  A gnoll sergeant (D:5)
  20 wights
  12 killer bees (D:9)
  6 howler monkeys
  A jelly (D:6)
  5 hounds
  8 orc priests
  A gnoll shaman (D:8)
  3 iguanas
  13 orc wizards
  2 hell rats (Lair:1)
  9 adders
  13 gnolls
  A river rat (Lair:1)
  2 shadow imps
  2 white imps
  2 worms (D:2)
  3 dart slugs
  43 orcs
  2 ball pythons (D:3)
  7 endoplasms
  3 giant cockroaches
  6 goblins
  9 hobgoblins
  4 jackals (D:2)
  14 kobolds
  5 quokkas
  3 bats
  4 frilled lizards
  8 rats
  2 fulminant prisms (D:8)
318 creatures vanquished.

Vanquished Creatures (collateral kills)
  A black bear (D:3)
  A scorpion (D:4)
  3 orcs
5 creatures vanquished.

Vanquished Creatures (others)
  31 fulminant prisms
  10 fungi
  25 plants
66 creatures vanquished.

Grand Total: 389 creatures vanquished

Notes
Turn   | Place    | Note
-------+----------+-------------------------------------------
     0 | D:1      | domi the Demonspawn Hedge Wizard began the quest for the
                  | Orb.
     0 | D:1      | Reached XP level 1. HP: 13/13 MP: 4/4
   186 | D:1      | Reached skill level 2 in Conjurations
   191 | D:1      | Gained mutation: When seriously injured, your blood forms
                  | armour. (AC +6) [demonic ancestry]
   191 | D:1      | Reached XP level 2. HP: 19/19 MP: 1/6
   250 | D:1      | Found a faded altar of an unknown god.
  1092 | D:2      | Reached skill level 3 in Conjurations
  1269 | D:2      | Reached XP level 3. HP: 18/24 MP: 0/7
  1272 | D:2      | Learned a level 2 spell: Call Imp
  1275 | D:2      | Learned a level 2 spell: Blink
  1279 | D:2      | Learned a level 3 spell: Mephitic Cloud
  1981 | D:2      | Gained mutation: You regenerate a little health from kills.
                  | [demonic ancestry]
  1981 | D:2      | Reached XP level 4. HP: 25/30 MP: 3/8
  2118 | D:2      | Reached skill level 4 in Conjurations
  2879 | D:3      | HP: 7/30 [orc/+0 mace (4)]
  3099 | D:3      | Found a shadowy altar of Dithmenos.
  3099 | D:3      | Found an opulent altar of Gozag.
  3107 | D:3      | Became a worshipper of Gozag Ym Sagoz the Greedy
  3120 | D:3      | Noticed a black bear
  3141 | D:3      | Killed a black bear
  3142 | D:3      | Reached skill level 5 in Conjurations
  3142 | D:3      | Reached skill level 2 in Summonings
  3142 | D:3      | Gained mutation: You sometimes gain a little power by
                  | taking damage. [demonic ancestry]
  3142 | D:3      | Reached XP level 5. HP: 26/35 MP: 1/9
  3806 | D:3      | Found a sacrificial altar of Ru.
  4058 | D:3      | Learned a level 2 spell: Searing Ray
  4130 | D:3      | Reached skill level 3 in Summonings
  4358 | D:4      | HP: 7/35 [orc priest/divine providence (15)]
  4395 | D:3      | HP: 6/35 [orc wizard/+0 dagger (3)]
  4404 | D:3      | Reached XP level 6. HP: 4/41 MP: 2/10
  4876 | D:4      | Reached skill level 4 in Summonings
  5045 | D:4      | Noticed an ice beast
  5058 | D:4      | Killed an ice beast
  5059 | D:4      | Reached skill level 5 in Summonings
  5473 | D:5      | Entered Level 5 of the Dungeon
  5529 | D:5      | Reached skill level 1 in Air Magic
  5529 | D:5      | Reached skill level 1 in Poison Magic
  5556 | D:4      | Reached XP level 7. HP: 27/46 MP: 0/11
  6019 | D:4      | Reached skill level 2 in Poison Magic
  6083 | D:4      | Reached skill level 2 in Air Magic
  6202 | D:5      | Noticed Prince Ribbit
  6471 | D:5      | Reached skill level 3 in Poison Magic
  6594 | D:5      | Reached skill level 3 in Air Magic
  6930 | D:4      | Killed Prince Ribbit
  6931 | D:4      | Reached skill level 4 in Air Magic
  6931 | D:4      | Reached skill level 4 in Poison Magic
  6931 | D:4      | Gained mutation: You sometimes gain power by taking damage.
                  | [demonic ancestry]
  6931 | D:4      | Reached XP level 8. HP: 29/52 MP: 1/12
  7606 | D:5      | Reached skill level 5 in Poison Magic
  7710 | D:5      | Reached skill level 5 in Air Magic
  8148 | D:6      | Noticed a troll
  8369 | D:6      | Found Basymmohi's Distillery.
  8369 | D:6      | Noticed Menkaure
  8381 | D:6      | Killed Menkaure
  8426 | D:6      | Reached skill level 4 in Spellcasting
  8532 | D:6      | Bought a potion of heal wounds for 75 gold pieces
  8532 | D:6      | Bought a potion of mutation for 120 gold pieces
  8639 | D:6      | HP: 11/52 [troll (9)]
  8902 | D:6      | Killed a troll
  8903 | D:6      | Reached skill level 6 in Conjurations
  8903 | D:6      | Gained mutation: You have sharp fingernails. [demonic
                  | ancestry]
  8903 | D:6      | Reached XP level 9. HP: 57/57 MP: 1/15
  9418 | D:6      | Reached skill level 5 in Spellcasting
  9539 | D:6      | Reached skill level 7 in Conjurations
  9993 | D:6      | Learned a level 4 spell: Fulminant Prism
 10095 | D:7      | Reached skill level 1 in Hexes
 10259 | D:7      | Reached skill level 2 in Hexes
 10505 | D:7      | Reached skill level 8 in Conjurations
 10568 | D:7      | Reached skill level 3 in Hexes
 10691 | D:7      | Found a radiant altar of Vehumet.
 10932 | D:7      | Noticed Maggie
 10949 | D:7      | Killed Maggie
 10950 | D:7      | Reached skill level 4 in Hexes
 11533 | D:7      | Found a staircase to the Ecumenical Temple.
 11548 | D:7      | Identified the +0 leather armour of Qocoilori {rN++}
 11722 | D:7      | Reached skill level 9 in Conjurations
 11722 | D:7      | Reached XP level 10. HP: 31/63 MP: 8/17
 11982 | D:8      | Noticed Psyche
 11994 | D:7      | Killed Psyche
 11995 | D:7      | Reached skill level 5 in Hexes
 12166 | D:8      | Noticed Pikel
 12312 | D:8      | Killed Pikel
 12313 | D:8      | Reached skill level 10 in Conjurations
 12612 | D:8      | HP: 11/59 [wight/+3 short sword of freezing (4)]
 12940 | D:8      | Found a sparkling altar of Nemelex Xobeh.
 13093 | D:8      | Reached skill level 11 in Conjurations
 13774 | D:9      | Found a staircase to the Lair.
 14412 | D:9      | Reached skill level 12 in Conjurations
 14835 | D:9      | Identified the +11 falchion of Conscience {freeze, rF+
                  | rC+++ Stlth-}
 14943 | D:9      | HP: 13/63 [yak (9)]
 15226 | D:10     | Entered Level 10 of the Dungeon
 15253 | D:10     | Reached XP level 11. HP: 43/68 MP: 15/18
 15480 | D:10     | Found a basalt altar of Yredelemnul.
 15480 | D:10     | Found an iron altar of Okawaru.
 15988 | D:10     | Reached skill level 13 in Conjurations
 16525 | Lair:1   | Entered Level 1 of the Lair of Beasts
 16592 | Lair:1   | HP: 16/68 [poisoned by a cane toad]
 16594 | Lair:1   | HP: 3/68 [cane toad (17)]
 16987 | Lair:1   | Reached skill level 14 in Conjurations
 17139 | Lair:1   | Noticed Gastronok
 17165 | Lair:1   | Killed Gastronok
 17453 | Lair:1   | Reached skill level 1 in Fighting
 17453 | Lair:1   | Reached skill level 1 in Evocations
 17478 | Lair:1   | Learned a level 5 spell: Iskenderun's Battlesphere
 17916 | Lair:1   | Reached skill level 2 in Fighting
 17916 | Lair:1   | Reached skill level 2 in Evocations
 18342 | Lair:2   | Found a staircase to the Shoals.
 18359 | Lair:2   | Reached skill level 3 in Fighting
 18359 | Lair:2   | Reached skill level 3 in Evocations
 18561 | Lair:2   | Reached XP level 12. HP: 83/83 MP: 8/19
 18629 | Lair:2   | Reached skill level 4 in Fighting
 18629 | Lair:2   | Reached skill level 4 in Evocations
 18821 | Lair:2   | Reached skill level 15 in Conjurations
 19321 | Lair:2   | Noticed a seven-headed hydra
 19363 | Lair:2   | Killed a seven-headed hydra
 19364 | Lair:2   | Reached skill level 5 in Fighting
 19364 | Lair:2   | Reached skill level 5 in Evocations
 19609 | Lair:1   | HP: 18/86 [yak (7)]
 19609 | Lair:1   | HP: 7/86 [yak (11)]
 20011 | Lair:2   | Noticed Fannar
 20024 | Lair:2   | HP: 12/87 [Fannar/bolt of cold (26)]
 20024 | Lair:2   | Slain by an ice beast

Illustrated notes

Levels and vault maps discovered:
D:1:      mainiacjoe_arrival_reflecting_pool, layout_basic,
          shapermc_ecumenical_altar_venn
D:2:      layout_basic
D:3:      layout_loops_cross, nicolae_ru_path_of_blood, jmf_multi_god_temple,
          st_stairs_2
D:4:      layout_rooms
D:5:      layout_rooms, uniq_prince_ribbit1
D:6:      layout_basic, serial_shops, nicolae_diamond_shop, uniq_menkaure
D:7:      layout_basic, vehumet_altar_wand_db, minmay_temple_entry_arrows,
          uniq_maggie
D:8:      layout_rooms, nemelex_altar_shiori, enter_bailey_5, uniq_pikel,
          uniq_psyche
D:9:      layout_grid_maze, overflow_temple_1_default, lair_entry_dummy,
          serial_glass, glass_columns_b, glass_columns_c, glass_columns_a,
          glass_columns_b
D:10:     layout_gridville, gammafunk_temple_overflow_wave
D:11:     layout_loops_cross, kennysheep_orc_monster_closet_entryway, uniq_grum
Lair:1:   beast_lair_carwin_large_3, layout_cave_pods,
          kennysheep_abandoned_house, uniq_gastronok
Lair:2:   layout_small_grid, elwin_shoals_entry_rocks, wad_woods_road_05,
          uniq_fannar

Skill      XL: |  1  2  3  4  5  6  7  8  9 10 11 12 |
---------------+-------------------------------------+-----
Conjurations   | 2 3 5 6 9 12 14 15 | 15.0
Summonings     | 2 3 5 |  5.0
Air Magic      | 1 4 5 |  5.0
Poison Magic   | 1 4 5 |  5.0
Spellcasting   | 4 5 |  5.0
Hexes          | 4 5 |  5.0
Fighting       | 3 5 |  5.8
Evocations     | 3 5 |  5.8
Dodging        | |  1.7
Stealth        | |  1.7
Translocations | |  0.8

Action                   |  1- 3 |  4- 6 |  7- 9 | 10-12 || total
-------------------------+-------+-------+-------+-------++-------
Melee: Dagger            |    22 |    29 |    95 |   120 ||   266
       Punch             |     2 |     1 |     2 |     3 ||     8
 Cast: Magic Dart        |   106 |   111 |   194 |   237 ||   648
       Mephitic Cloud    |       |     2 |     8 |     6 ||    16
       Call Imp          |       |     2 |     5 |     1 ||     8
       Searing Ray       |       |    10 |    57 |    53 ||   120
       Blink             |       |       |     1 |     3 ||     4
       Fulminant Prism   |       |       |       |    32 ||    32
       Iskenderun's Batt |       |       |       |    22 ||    22
Invok: Call Merchant     |       |       |       |     2 ||     2
Evoke: Wand              |       |       |     6 |    19 ||    25
       Condenser vane    |       |       |       |     1 ||     1
  Use: Potion            |       |     3 |     5 |     8 ||    16
 Stab: Confused          |       |     1 |     3 |       ||     4
       Sleeping          |       |       |     1 |       ||     1
Armor: Robe              |    14 |    23 |    77 |    84 ||   198
Dodge: Dodged            |    27 |    56 |   108 |   157 ||   348

Table legend: (Time is in decaauts)
 A = Elapsed time spent in this place.
 B = Non-inter-level travel time spent in this place.
 C = Inter-level travel time spent in this place.
 D = Time resting spent in this place.
 E = Time spent auto-exploring this place.
 F = Levels seen in this place.
 G = Mean time per level.
                   A        B        C        D        E       F      G
               +--------+--------+--------+--------+--------+-----+--------+
         Total |  20028 |  19203 |    825 |   5803 |  10455 |  13 | 1540.6 |
       Dungeon |  16541 |  15803 |    738 |   4855 |   8487 |  11 | 1503.7 |
          Lair |   3487 |   3400 |     87 |    948 |   1967 |   2 | 1743.5 |
               +--------+--------+--------+--------+--------+-----+--------+

Top non-repeatable levels by time:
     D:7: 2335 daAuts
     D:4: 2319 daAuts
  Lair:1: 2286 daAuts
     D:3: 2159 daAuts
     D:6: 1821 daAuts
     D:9: 1656 daAuts
     D:5: 1468 daAuts
     D:2: 1372 daAuts
    D:10: 1277 daAuts
  Lair:2: 1201 daAuts
     D:1: 1158 daAuts
     D:8: 970 daAuts
    D:11: 1 daAuts

Table legend:
 A = Kills in this place as a percentage of kills in entire the game.
 B = Kills by you in this place as a percentage of kills by you in the entire game.
 C = Kills by friends in this place as a percentage of kills by friends in the entire game.
 D = Other kills in this place as a percentage of other kills in the entire game.
 E = Experience gained in this place as a percentage of experience gained in the entire game.
 F = Experience gained in this place divided by the number of levels of this place that you have seen.
                   A       B       C       D       E      F
               +-------+-------+-------+-------+-------+----------------------
         Total | 100.0 | 100.0 | 100.0 | 100.0 | 100.0 | 2120.4
       Dungeon |  80.8 |  80.6 | 100.0 |  50.0 |  48.6 | 1218.9
          Lair |  19.2 |  19.4 |   0.0 |  50.0 |  51.4 | 7078.5
               +-------+-------+-------+-------+-------+----------------------
